 Dungeon Crawl Stone Soup version 0.28-a0-1087-gf3fc490d9d (webtiles) character file.

Game seed: 6151599503339426241

434 tilp the Chiller (level 6, 26/26 HPs)
             Began as a Felid Ice Elementalist on Dec 10, 2021.
             Quit the game on level 5 of the Dungeon.
             The game lasted 00:08:18 (6510 turns).

tilp the Chiller (Felid Ice Elementalist)           Turns: 6510, Time: 00:08:19

Health: 26/26      AC:  2    Str:  4    XL:     6   Next: 67%
Magic:  13/13      EV: 18    Int: 18    God:
Gold:   312        SH:  5    Dex: 17    Spells: 2/13 levels left
                                        Lives:  1   Deaths: 1

rFire   . . .      SeeInvis +     - Unarmed
rCold   . . .      Faith    .   (shield unavailable)
rNeg    . . .      Spirit   .   (armour unavailable)
rPois   .          Reflect  +   (helmet unavailable)
rElec   .          Harm     .   (cloak unavailable)
rCorr   .          Rampage  .   (gloves unavailable)
Will    .....                   (boots unavailable)
Stlth   +++.......              e - amulet of reflection
HPRegen 0.08/turn               (no ring)
MPRegen 0.13/turn               (no ring)

@: quick
A: very small, claws 1, fangs 3, see invisible, speed 1, shaggy fur 2, stealthy
paws, no weapons or thrown items, no armour, multi-lived
a: no special abilities


You were on level 5 of the Dungeon.
You visited 1 branch of the dungeon, and saw 5 of its levels.

You collected 312 gold pieces.

Inventory:

Jewellery
 e - an amulet of reflection (around neck)
Scrolls
 c - a scroll of fear {unknown}
Potions
 a - a potion of invisibility
 b - a potion of haste
 d - a potion of attraction
 f - a potion of brilliance {unknown}
 g - a potion of cancellation {unknown}
 h - a potion of mutation {unknown}


   Skills:
 - Level 2.0 Fighting
 - Level 4.0 Dodging
 + Level 4.4 Stealth
 * Level 3.8 Unarmed Combat
 - Level 4.0 Spellcasting
 - Level 6.0 Ice Magic


You had 2 spell levels left.
You knew the following spells:

 Your Spells              Type           Power      Damage    Failure   Level
a - Freeze                Ice            100%       1d11      1%          1
b - Frozen Ramparts       Ice            50%        1d7       3%          3
c - Ozocubu's Armour      Ice            25%        N/A       3%          3
d - Hailstorm             Conj/Ice       14%        3d5       38%         4

Your spell library contained the following spells:

 Spells                   Type           Power      Damage    Failure   Level
 Animate Skeleton         Necr           6%         N/A       14%         1
 Apportation              Tloc           6%         N/A       14%         1
 Summon Small Mammal      Summ           12%        N/A       14%         1
 Ice Form                 Ice/Tmut       14%        N/A       38%         4
 Summon Ice Beast         Ice/Summ       14%        N/A       38%         4


Dungeon Overview and Level Annotations

Branches:
Dungeon (5/15)
 Temple: D:4-7

Altars:
Fedhas
Yredelemnul

Annotations:
D:5 Menkaure


Innate Abilities, Weirdness & Mutations

You have sharp claws.
You have razor-sharp teeth.
You have supernaturally acute eyesight. (SInv)
You cover ground quickly. (Speed+)
You are covered in thick fur. (AC +2)
Your paws help you pounce on unaware monsters.
You are incapable of wielding weapons or throwing items.
You cannot wear armour.
You gain extra lives every three experience levels.


Message History

There are monsters nearby!
There are monsters nearby!
A centaur comes into view.
Casting: Ozocubu's Armour (dangerous; 3% risk of failure)
Confirm with . or Enter, or press ? or * to list all spells.
A film of ice covers your body!
Unknown command.
You completely miss the white imp. The white imp closely misses you.
Unknown command.
You barely miss the white imp. The white imp gestures at you.
The puff of frost hits you!
Unknown command.
Casting: Ozocubu's Armour (dangerous; 3% risk of failure)
Confirm with . or Enter, or press ? or * to list all spells.
Casting: Frozen Ramparts (dangerous; 3% risk of failure)
Press: ? - help, Dir - look around, f - activate The walls around you are covered in ice.
The centaur wields a +0 shortbow.
The centaur shoots an arrow.
The arrow hits you! The white imp gestures at you. The puff of frost hits you.
* * * LOW HITPOINT WARNING * * *
Casting: Frozen Ramparts (dangerous; 3% risk of failure)
Confirm with . or Enter, or press ? or * to list all spells.
The spell is potentially lethal to miscast (38% risk of failure)!
Continue anyway?
Casting: Hailstorm (potentially lethal; 38% risk of failure)
Press: ? - help, Dir - look around, f - activate You miscast Hailstorm.
You are very lightly contaminated with residual magic.
A wave of violent energy washes through your body!
You die...
The centaur shoots an arrow.
The arrow closely misses you.
The white imp hits you but does no damage.
You are now level 6!
You rejoin the land of the living...
Unknown command.
Unknown command.
Unknown command.
Are you sure you want to abandon this character and quit the game? (Confirm with "yes".)

.............≈.≈.♣≈...#
######......♣.≈..≈≈##.#
##...#.≈..≈≈...≈.#
#..#####.≈.≈≈≈≈.#
#.###≈≈....≈≈...# #.#
##≈≈≈.≈.≈.#.# #.#
####..###..# #.#
#.........# #.#
#...@.....#
...####.........#
.#..............#
####.######.........#
#....# #.........####
###.### #######......#
......### #######....[.#
###†#...#####..<.........#
.##.###.......############


There were no monsters in sight!

Vanquished Creatures
  Grinder (D:4)
  A necrophage (D:4)
  2 ogres
  A bullfrog zombie (D:5)
  2 orc priests (D:3)
  A hound (D:4)
  2 iguanas
  An orc wizard (D:3)
  3 gnolls (D:4)
  7 adders
  5 worms (D:3)
  5 dart slugs
  4 orcs
  6 bats
  7 endoplasms
  4 giant cockroaches
  9 goblins
  10 hobgoblins
  5 jackals
  5 quokkas
  10 ball pythons
  4 frilled lizards
  7 kobolds
  7 rats
109 creatures vanquished.

Notes
Turn   | Place    | Note
-------+----------+-------------------------------------------
     0 | D:1      | tilp the Felid Ice Elementalist began the quest for the
                  | Orb.
     0 | D:1      | Reached XP level 1. HP: 7/7 MP: 4/4
   115 | D:1      | Reached skill level 1 in Unarmed Combat
   126 | D:1      | You fall into a shaft and drop 1 floor!
   196 | D:2      | Reached XP level 2. HP: 5/11 MP: 4/6
   473 | D:2      | Found a faded altar of an unknown god.
   632 | D:2      | Found a basalt altar of Yredelemnul.
   924 | D:2      | Reached XP level 3. HP: 14/14 MP: 3/7
   928 | D:2      | Learned a level 3 spell: Frozen Ramparts
  1334 | D:2      | Reached skill level 4 in Ice Magic
  1918 | D:1      | Reached XP level 4. HP: 18/18 MP: 4/8
  2026 | D:1      | Learned a level 3 spell: Ozocubu's Armour
  2848 | D:3      | Reached XP level 5. HP: 5/21 MP: 1/10
  3266 | D:3      | Reached skill level 5 in Ice Magic
  4613 | D:4      | Noticed an ogre
  4882 | D:4      | Gained mutation: You are covered in thick fur. (AC +2)
                  | [Felid growth]
  4882 | D:4      | Reached XP level 6. HP: 24/24 MP: 5/12
  4884 | D:4      | Noticed Grinder
  4986 | D:4      | Reached skill level 6 in Ice Magic
  5050 | D:4      | Found a blossoming altar of Fedhas.
  5202 | D:4      | Paralysed by Grinder for 2 turns
  5216 | D:4      | Killed Grinder
  5217 | D:4      | Reached skill level 1 in Fighting
  5217 | D:4      | Reached XP level 7. HP: 3/28 MP: 1/14
  5578 | D:4      | Learned a level 4 spell: Hailstorm
  6120 | D:5      | Entered Level 5 of the Dungeon
  6208 | D:5      | Noticed Menkaure
  6509 | D:5      | Killed by miscasting Hailstorm
  6510 | D:5      | Reached XP level 6. HP: -3/26 MP: 4/13
  6510 | D:5      | Quit the game

Illustrated notes

Levels and vault maps discovered:
D:1:      lightli_arrival_boilingwater, layout_rooms
D:2:      layout_loops_ring, basic_altar, nicolae_ecumenical_snake_handling
D:3:      minmay_angry_zag, layout_rooms, minmay_curled_crystal
D:4:      layout_loops_ring, fedhas_ov_isle_minmay, uniq_grinder
D:5:      layout_rooms, chequers_serial_rivers_marsh, minmay_stone_trees_small,
          uniq_menkaure

Skill      XL: |  1  2  3  4  5  6  7 |
---------------+----------------------+-----
Unarmed Combat | 1 2 3 |  3.8
Ice Magic      | 4 5 6 |  6.0
Spellcasting   | 3 4 |  4.0
Fighting       | 1 2 |  2.0
Dodging        | 3 4 |  4.0
Stealth        | 3 4 |  4.4

Action                   |  1- 3 |  4- 6 |  7- 9 || total
-------------------------+-------+-------+-------++-------
Melee: Unarmed           |    20 |    37 |    43 ||   100
       Bite              |       |     1 |     6 ||     7
       Punch             |       |     1 |       ||     1
 Cast: Freeze            |    42 |    61 |    10 ||   113
       Frozen Ramparts   |     4 |    18 |     3 ||    25
       Ozocubu's Armour  |       |    11 |     4 ||    15
Evoke: Wand              |       |     4 |       ||     4
  Use: Scroll            |     2 |     4 |     3 ||     9
       Potion            |       |     3 |       ||     3
 Stab: Sleeping          |     6 |     8 |     1 ||    15
Armor: Skin              |     1 |     5 |    10 ||    16
Dodge: Dodged            |    26 |    31 |    35 ||    92
Block: Other             |     4 |     6 |     8 ||    18

Table legend: (Time is in decaauts)
 A = Elapsed time spent in this place.
 B = Non-inter-level travel time spent in this place.
 C = Inter-level travel time spent in this place.
 D = Time resting spent in this place.
 E = Time spent auto-exploring this place.
 F = Levels seen in this place.
 G = Mean time per level.
                   A        B        C        D        E       F      G
               +--------+--------+--------+--------+--------+-----+--------+
         Total |   5998 |   5754 |    244 |   1941 |   2963 |   5 | 1199.6 |
       Dungeon |   5998 |   5754 |    244 |   1941 |   2963 |   5 | 1199.6 |
               +--------+--------+--------+--------+--------+-----+--------+

Top non-repeatable levels by time:
     D:2: 2391 daAuts
     D:3: 1586 daAuts
     D:4: 990 daAuts
     D:1: 688 daAuts
     D:5: 341 daAuts
